Map: Blueshift LE

Players

IIIIIIIIIIII - Winner!

  • Race: Protoss Protoss
  • League: Master
  • Spawn Location: 7:00

SlayerFat

  • Race: Protoss Protoss
  • League: Master
  • Spawn Location: 1:00

VOD

Have the link to the VOD?

Description

Time

  • Played on: Nov. 4, 2018, 3:24 p.m.
  • Length: 2:01
Show
View Real Time Build Order
Export as new Build Order

IIIIIIIIIIII Protoss - Winner!

Build Orders:  

Get SALT Encoding   

  12  0:01  Probe  
  13  0:13  Probe  
  14  0:17  Pylon  
  14  0:25  Probe  
  15  0:35  Probe  
  15  0:40  Gateway  
  16  0:44  Probe  
  16  0:45  Assimilator  
  17  0:52  Probe  
  18  0:57  Assimilator  
  18  1:22  Pylon  
  18  1:24  Zealot  
Show
View Real Time Build Order
Export as new Build Order

SlayerFat Protoss 

Build Orders:  

Get SALT Encoding   

  1  0:00  Probe  
  12  0:05  Probe  
  14  0:21  Pylon  
  14  0:22  Probe  
  15  0:39  Forge, Probe  
  16  1:00  Pylon  
  16  1:02  Pylon  
  16  1:03  Pylon  
  16  1:19  Photon Cannon  
  16  1:26  Pylon  
  16  1:33  Photon Cannon  
  15  1:42  Pylon  
  15  1:47  Pylon  
Tags
 
Matchup
PvP
Spawn Locations
Cross Positions
Add a new tag
Caveats
  • Supply blocks, unpowered buildings, or Contaminate may cause inaccurate times.
  • Supply counts are checked every 10 seconds.